 Dungeon Crawl Stone Soup version 0.20-a0-809-gaf7f668 (webtiles) character file.

523 Aksej the Covert (level 7, 0/40 HPs)
             Began as an Octopode Assassin on Mar 3, 2017.
             Killed from afar by an orc wizard (7 damage)
             ... with a magic dart
             ... on level 4 of the Dungeon.
             The game lasted 00:08:31 (2587 turns).

Aksej the Covert (Octopode Assassin)                Turns: 2587, Time: 00:08:32

Health: 0/40       AC:  3    Str: 11    XL:     7   Next: 22%
Magic:  7/7        EV: 13    Int: 13    God:
Gold:   168        SH:  0    Dex: 15    Spells: 6/6 levels left

rFire    . . .     SeeInvis .   a - +3 dagger
rCold    . . .     Gourm    .   (no shield)
rNeg     . . .     Faith    .   (helmet restricted)
rPois    .         Spirit   .   (no amulet)
rElec    .         Reflect  .   (no ring)
rCorr    .         Harm     .   (no ring)
MR       .....                  (no ring)
Stlth    +++++.....             (no ring)
Regen    0.2/turn               (no ring)
MPRegen  0.1/turn               (no ring)
                                (no ring)
                                (no ring)

@: no status effects
A: almost no armour, stealthy swim, amphibious, 8 rings, constrict 8, molten
scales 1, camouflage 1, frail 1, gelatinous body 1
a: no special abilities


You were on level 4 of the Dungeon.
You were not hungry.

You visited 1 branch of the dungeon, and saw 4 of its levels.

You collected 168 gold pieces.

Inventory:

Hand Weapons
 a - a +3 dagger (weapon)
 b - a +0 blowgun
Missiles
 c - 17 poisoned needles
 d - 2 curare-tipped needles
 l - 14 tomahawks (quivered)
Jewellery
 h - an uncursed ring of flight
Scrolls
 k - a scroll of remove curse
Potions
 m - a potion of magic
Books
 j - a book of Minor Magic

   Spells                             Type                      Level
   a - Magic Dart                     Conjuration                  1
   b - Blink                          Translocation                2
   c - Call Imp                       Summoning                    2
   d - Slow                           Hexes                        2
   e - Conjure Flame                  Conjuration/Fire             3
   f - Mephitic Cloud                 Conjuration/Poison/Air       3
Comestibles
 f - 3 bread rations
 g - 2 chunks of flesh
 i - a meat ration
 n - a royal jelly


   Skills:
 + Level 2.9 Fighting
 * Level 5.3 Short Blades
 + Level 2.2 Throwing
 + Level 2.0 Dodging
 + Level 8.4 Stealth


You had 6 spell levels left.
You didn't know any spells.

Dungeon Overview and Level Annotations

Branches:
Dungeon (4/15)
 Temple: D:4-7

Altars:
Elyvilon
Trog


Innate Abilities, Weirdness & Mutations

You cannot wear most types of armour.
You are very stealthy in the water. (Stealth+)
You are amphibious.
You can wear up to eight rings at the same time.
You can use your tentacles to constrict eight enemies at once.
Your skin changes colour to match your surroundings (Stealth+).
Your rubbery body absorbs attacks. (AC +1, EV +1)
You are partially covered in molten scales. (AC +2)
You are frail. (-10% HP)


Message History

* * * LOW HITPOINT WARNING * * *
You miss something. Your squeeze misses something.
Something completely misses you.
You barely miss something. Something hits you but does no damage.
You hit something. Your squeeze misses something.
Something hits you but does no damage.
You hit something but do no damage. Something hits you.
* * * LOW HITPOINT WARNING * * *
You hit something but do no damage. Something barely misses you.
You hit something. Something completely misses you.
You completely miss something. Something hits you.
* * * LOW HITPOINT WARNING * * *
Something hits you.
* * * LOW HITPOINT WARNING * * *
You hit something. Something hits you but does no damage.
You hit something but do no damage.
You hear some strange, mumbled words.
A magic dart appears from out of thin air!
The magic dart hits you!
You die...

### ##.## . ...
g# #.# .#
######.##### .#
#........@.#
.##
#.####.###{#
..## ##.## #.#
.# ...####...#
#.# .#
..h)).....# #.#
.# ...####...#
#.# .# ..##
##### #.# .#
#############.#
.#
.........<..#


There were no monsters in sight!

Vanquished Creatures
  Sigmund (D:3)
  A phantom (D:4)
  A crimson imp (D:3)
  A worker ant (D:4)
  3 gnolls (D:4)
  5 adders
  2 oozes
  4 worms
  2 dart slugs
  7 leopard geckos
  14 orcs
  4 giant cockroaches
  12 goblins
  2 hobgoblins
  13 jackals
  3 kobolds
  2 quokkas (D:3)
  A ball python (D:2)
  11 bats
  4 frilled lizards
  10 rats
103 creatures vanquished.

Notes
Turn   | Place    | Note
-------+----------+-------------------------------------------
     0 | D:1      | Aksej the Octopode Assassin began the quest for the Orb.
     0 | D:1      | Reached XP level 1. HP: 14/14 MP: 1/1
    96 | D:1      | Reached XP level 2. HP: 19/19 MP: 2/2
   188 | D:1      | Reached skill level 6 in Stealth
   227 | D:1      | Reached XP level 3. HP: 3/24 MP: 3/3
   229 | D:1      | HP: 1/24 [frilled lizard (2)]
   957 | D:2      | Reached XP level 4. HP: 21/29 MP: 4/4
  1310 | D:2      | Reached skill level 7 in Stealth
  1455 | D:2      | Found a bloodstained altar of Trog.
  1490 | D:2      | Found a white marble altar of Elyvilon.
  1553 | D:2      | Gained mutation: You are frail. (-10% HP) [potion of mutation]
  1553 | D:2      | Gained mutation: You are partially covered in molten scales. (AC +2) [potion of mutation]
  1761 | D:3      | Reached XP level 5. HP: 30/30 MP: 5/5
  1865 | D:3      | Noticed Sigmund
  1877 | D:3      | Killed Sigmund
  1877 | D:3      | Reached XP level 6. HP: 33/36 MP: 6/6
  2514 | D:4      | Reached skill level 5 in Short Blades
  2541 | D:4      | Reached skill level 8 in Stealth
  2550 | D:4      | Noticed a phantom
  2554 | D:4      | Killed a phantom
  2554 | D:4      | Reached XP level 7. HP: 8/40 MP: 7/7
  2559 | D:4      | HP: 2/40 [orc/mace (5)]
  2570 | D:4      | HP: 2/40 [orc/dagger (1)]
  2587 | D:4      | Killed from afar by an orc wizard

Vault maps used:
D:1:      sevenhm_arrival_forest_fort_large_2, minmay_misc_feat_cross
D:2:      marbit_many_paths, minivault_19, bloody_trog
D:3:      first_bread, uniq_sigmund
D:4:      uniq_grinder, uniq_blork_the_orc

Skill      XL: |  1  2  3  4  5  6 |
---------------+-------------------+-----
Stealth        | 6 7 8 |  8.4
Short Blades   | 3 4 5 |  5.3
Dodging        | 2 |  2.0
Fighting       | |  2.9
Throwing       | |  2.2

Action                   |  1- 3 |  4- 6 |  7- 9 || total
-------------------------+-------+-------+-------++-------
Melee: Dagger            |    69 |   128 |    20 ||   217
       Constrict         |    14 |    36 |     3 ||    53
       Tentacles         |     9 |    21 |       ||    30
 Fire: Blowgun           |       |     3 |       ||     3
  Use: Potion            |     4 |     2 |     2 ||     8
       Scroll            |     2 |     4 |       ||     6
 Stab: Sleeping          |    14 |    15 |       ||    29
       Distracted        |     1 |       |       ||     1
  Eat: Chunk             |       |     5 |       ||     5
Armor: Skin              |     4 |    11 |     2 ||    17
Dodge: Dodged            |    36 |    61 |     4 ||   101
